Map: Dusk Towers

Players

Velious - Winner!

  • Race: Protoss Protoss

Gono

  • Race: Terran Terran

VOD

Have the link to the VOD?

Description

halp

Time

  • Played on: Nov. 15, 2015, 3:05 p.m.
  • Length: 12:17
Show
View Real Time Build Order
Export as new Build Order

Velious Protoss - Winner!

Build Orders: 1 Gate Expand 

Get SALT Encoding   

  12  0:01  Probe (Chrono Boost)  
  13  0:11  Probe (Chrono Boost)  
  14  0:18  Pylon  
  14  0:22  Probe (Chrono Boost)  
  15  0:36  Probe (Chrono Boost)  
  16  0:46  Gateway  
  16  0:47  Probe (Chrono Boost)  
  17  0:57  Probe (Chrono Boost)  
  18  1:12  Nexus  
  18  1:18  Probe (Chrono Boost)  
  19  1:20  Assimilator  
  19  1:27  Pylon  
  19  1:35  Cybernetics Core  
  19  1:40  Probe (Chrono Boost)  
  20  1:51  Probe (Chrono Boost), Assimilator  
  21  2:03  Probe (Chrono Boost)  
  21  2:04  Gateway  
  22  2:12  Warp Gate  
  22  2:14  Probe (Chrono Boost)  
  25  2:22  Adept  
  25  2:24  Probe (Chrono Boost)  
  26  2:34  Pylon  
  26  2:35  Probe (Chrono Boost)  
  27  2:53  Adept x2  
  27  2:56  Twilight Council  
  32  2:58  Probe (Chrono Boost)  
  32  2:59  Probe (Chrono Boost)  
  33  3:09  Probe (Chrono Boost)  
  34  3:15  Robotics Facility  
  34  3:19  Gateway  
  33  3:29  Probe x2 (Chrono Boost)  
  36  3:41  Probe x2 (Chrono Boost)  
  37  3:52  Probe x2 (Chrono Boost), Assimilator  
  39  3:56  Assimilator  
  39  3:59  Resonating Glaives  
  39  4:02  Probe x2 (Chrono Boost)  
  41  4:08  Warp Prism  
  43  4:19  Pylon  
  43  4:20  Mothership Core (Chrono Boost)  
  43  4:21  Probe (Chrono Boost)  
  46  4:24  Gateway  
  46  4:27  Pylon  
  46  4:31  Sentry  
  48  4:44  Probe (Chrono Boost)  
  48  4:45  Probe (Chrono Boost)  
  50  4:55  Probe x2 (Chrono Boost)  
  52  5:06  Stalker  
  53  5:35  Probe x2 (Chrono Boost)  
  55  5:39  Stalker  
  55  5:42  Stalker  
  59  5:53  Adept x2  
  51  6:24  Stalker x2  
  51  6:26  Adept x2  
  54  6:47  Observer  
  54  6:54  Gateway  
  54  6:55  Gateway  
  54  6:57  Gateway  
  54  7:08  Nexus, Pylon  
  54  7:12  Assimilator  
  54  7:15  Probe x2 (Chrono Boost)  
  56  7:17  Assimilator  
  56  7:21  Pylon  
  56  7:22  Adept x4  
  62  7:25  Probe (Chrono Boost)  
  62  7:26  Probe (Chrono Boost)  
  66  7:40  Immortal  
  70  7:54  Pylon  
  70  7:59  Pylon  
  70  8:02  Pylon, Zealot x4  
  78  8:07  Pylon  
  64  8:38  Adept  
  64  8:39  Adept x4  
  64  8:40  Adept x2  
  63  9:10  Zealot  
  63  9:11  Zealot  
  63  9:12  Stalker x4  
  73  9:25  Observer  
  74  9:35  Probe x2 (Chrono Boost)  
  74  9:36  Probe (Chrono Boost)  
  73  9:46  Probe x3 (Chrono Boost)  
  75  9:57  Zealot  
  69  10:00  Observer  
  63  10:10  Stalker x4  
  63  10:11  Stalker x2  
  67  10:33  Probe x2 (Chrono Boost)  
  69  10:41  Adept x4  
  69  10:42  Adept x2  
  79  10:55  Observer  
  72  10:57  Stalker  
  72  11:03  Pylon  
  74  11:11  Dark Shrine  
  74  11:13  Stalker x3  
  74  11:14  Stalker x3  
  74  11:16  Warp Prism  
  88  11:22  Forge  
  88  11:24  Forge  
  80  11:43  Stalker  
  80  11:44  Stalker x4  
  89  11:47  Probe (Chrono Boost)  
  89  11:49  Probe (Chrono Boost)  
  88  12:13  Zealot x3  
  88  12:14  Zealot x2  
Show
View Real Time Build Order
Export as new Build Order

Gono Terran 

Build Orders: Mech 

Get SALT Encoding   

  12  0:01  SCV  
  13  0:13  SCV  
  14  0:25  SCV  
  14  0:27  Supply Depot  
  15  0:41  Refinery  
  15  0:48  SCV  
  16  0:52  Barracks  
  16  1:00  SCV  
  17  1:13  SCV  
  18  1:25  SCV  
  19  1:49  Command Center, Orbital Command  
  19  2:01  Factory  
  19  2:10  Refinery  
  19  2:16  SCV  
  20  2:24  Supply Depot  
  20  2:28  SCV  
  21  2:40  SCV  
  22  2:49  Hellion  
  22  2:50  Starport  
  24  2:52  SCV, Marine  
  26  3:04  SCV  
  27  3:10  Hellion  
  27  3:11  Supply Depot  
  29  3:16  SCV  
  30  3:26  Armory  
  30  3:29  Medivac  
  30  3:31  SCV  
  30  3:32  Hellion  
  35  3:39  SCV  
  36  3:43  SCV  
  37  3:51  SCV  
  38  3:56  Factory Reactor  
  38  4:02  Factory  
  38  4:09  SCV  
  39  4:10  SCV, Liberator  
  40  4:22  SCV x2  
  40  4:24  Marine  
  46  4:33  Refinery  
  46  4:34  SCV x2  
  46  4:35  Hellion, Refinery  
  50  4:40  Hellion  
  50  4:41  Marine  
  53  4:46  SCV  
  53  4:51  Supply Depot  
  54  4:55  Supply Depot  
  54  5:12  SCV x2  
  56  5:19  Factory Tech Lab  
  56  5:20  Hellion x2  
  60  5:24  SCV x2  
  60  5:27  Command Center  
  62  5:36  SCV x2  
  64  5:49  SCV x2  
  66  5:50  Siege Tank  
  66  5:51  Hellion  
  66  5:53  Hellion  
  59  6:10  Viking  
  60  6:23  SCV x2  
  55  6:40  SCV x2  
  57  6:48  Widow Mine  
  57  6:49  Widow Mine  
  57  6:51  Siege Tank  
  57  6:52  SCV x2  
  66  6:55  Terran Vehicle And Ship Armor Level 1  
  66  7:04  SCV  
  66  7:05  SCV  
  68  7:10  Supply Depot  
  68  7:13  Supply Depot  
  68  7:14  Engineering Bay  
  68  7:16  SCV  
  68  7:18  Hellion x2, Orbital Command  
  73  7:29  Factory  
  73  7:32  Barracks Reactor  
  73  7:35  Factory  
  73  7:46  Hellion x2  
  73  7:47  Siege Tank  
  80  7:54  SCV x2  
  80  7:57  Armory  
  82  8:06  SCV x2  
  84  8:18  SCV  
  88  8:20  Siege Tank  
  70  8:36  SCV x3  
  69  8:44  Hellion x2  
  69  8:48  SCV  
  71  8:52  Hellion  
  57  9:16  Hellion x4  
  50  9:19  Orbital Command  
  41  9:33  SCV x2  
  41  9:34  Hellion  
  41  9:37  Hellion x3  
  43  9:52  SCV x2  
  38  10:10  Factory Reactor  
  38  10:12  Factory Tech Lab  
  38  10:19  SCV  
  34  10:31  SCV, Hellion x2  
  32  10:36  Siege Tank  
  32  10:37  Siege Tank  
  34  10:43  SCV  
  34  10:44  Infernal Pre-Igniter  
  34  10:46  Mag-Field Accelerator  
  27  10:59  Viking  
  27  11:03  SCV  
  27  11:04  SCV  
  32  11:06  Planetary Fortress  
  31  11:16  SCV  
  27  11:33  Hellion x3  
  19  11:46  SCV  
  16  11:53  Hellbat  
  18  11:58  SCV  
Tags
 
Composition
Mech
Matchup
PvT
Add a new tag
Caveats
  • Supply blocks, unpowered buildings, or Contaminate may cause inaccurate times.
  • Supply counts are checked every 10 seconds.